 Dungeon Crawl Stone Soup version 0.17-a0-1738-g82cdc46 (webtiles) character file.

258 kae the Insei (level 5, -6/41 HPs)
             Began as a Demonspawn Monk on Aug 30, 2015.
             Killed by divine providence
             ... invoked by an orc priest
              (8 damage)
             ... on level 3 of the Dungeon.
             The game lasted 00:03:40 (3067 turns).

kae the Insei (Demonspawn Monk)                     Turns: 3067, Time: 00:03:40

Health: -6/41      AC:  4    Str: 11    XL:     5   Next: 94%
Magic:  5/5        EV: 13    Int: 12    God:
Gold:   156        SH:  0    Dex: 16    Spells: 0 memorised, 4 levels left

rFire  . . .     SeeInvis .       - Unarmed
rCold  . . .     Clarity  .     a - +1 robe
rNeg   . . .     SustAt   .     (no shield)
rPois  .         Gourm    .     (helmet restricted)
rElec  .         Spirit   .     (no cloak)
rCorr  .         Warding  .     g - +0 pair of gloves
rMut   .         Stasis   .     (no boots)
MR     .....                    (no amulet)
Stlth  +++.......               (no ring)
                                k - ring of stealth

@: drained, not resistant to hostile enchantments, fairly stealthy
A: antennae 1, claws 1, hooves 1, sense surroundings 1, subdued magic 1
a: no special abilities


You were on level 3 of the Dungeon.
You were not hungry.

You visited 1 branch of the dungeon, and saw 3 of its levels.

You collected 156 gold pieces.

Inventory:

Armour
 a - a +1 robe (worn)
 g - a +0 pair of gloves (worn)
Jewellery
 k - a ring of stealth (left hand)
Magical devices
 j - a wand of draining (3)
 p - a wand of slowing (21)
Scrolls
 c - 2 scrolls of teleportation {unknown}
 e - 2 scrolls of recharging
 f - 2 scrolls of amnesia
 h - a scroll of identify {unknown}
 l - a scroll of noise {unknown}
 o - a scroll of immolation {unknown}
Potions
 d - 2 potions of degeneration
Comestibles
 b - 3 bread rations
 m - a meat ration


   Skills:
 - Level 3.0(2.6) Fighting
 - Level 2.6(2.3) Dodging
 - Level 1.7(1.4) Stealth
 + Level 6.6(6.2) Unarmed Combat


You had 4 spell levels left.
You didn't know any spells.

Dungeon Overview and Level Annotations

Branches:
Dungeon (3/15)

Altars:
Nemelex Xobeh


Innate Abilities, Weirdness & Mutations

You have sharp fingernails.
You have large cloven feet.
You have a pair of small antennae on your head.
You passively map a small area around you.
Your spells are a little easier to cast, but a little less powerful.


Message History

You kick the orc priest, but do no damage.
The orc priest is lightly wounded.
The orc priest hits you but does no damage.
You barely miss the orc priest.
You kick the orc priest, but do no damage.
The orc priest is lightly wounded.
The orc priest invokes the aid of Beogh against you.
Something smites you!
* * * LOW HITPOINT WARNING * * *
You hit the orc priest but do no damage.
You kick the orc priest, but do no damage.
The orc priest is lightly wounded.
The orc priest calls down the wrath of Beogh upon you.
Pain shoots through your body!
* * * LOW HITPOINT WARNING * * *
You hit the orc priest but do no damage.
The orc priest is lightly wounded.
The orc priest mumbles some strange prayers to Beogh against you.
Something smites you!
You die...

#.# #.# #####
###..* #.# #.# ,
...# #.# #.# *
*.#.# #.# #.# * ,
#.* #.#######.#
** , ...#
#.........# * #..
#####.....#
*,##.##, #..
#####.#####......
#.# #((@o.)....#
, ############
#.# #.. #.. *
,... *.###. ....
# ,#.. #.,#..


You could see an orc priest.

Vanquished Creatures
  An orc priest (D:3)
  Jessica (D:2)
  Natasha (thrice) (D:2)
  2 orc wizards
  3 adders
  An ooze (D:2)
  2 worms
  11 orcs
  7 bats
  8 hobgoblins
  2 quokkas
  A giant cockroach (D:2)
  4 giant geckos
  2 giant newts (D:1)
  9 goblins
  6 kobolds
  8 rats
71 creatures vanquished.

Vanquished Creatures (others)
  A hobgoblin (D:3)
1 creature vanquished.

Grand Total: 72 creatures vanquished

Notes
Turn   | Place    | Note
--------------------------------------------------------------
     0 | D:1      | kae the Demonspawn Monk began the quest for the Orb.
     0 | D:1      | Reached XP level 1. HP: 18/18 MP: 1/1
   127 | D:1      | Reached skill level 4 in Unarmed Combat
   142 | D:1      | Gained mutation: You have sharp fingernails. [demonic ancestry]
   142 | D:1      | Reached XP level 2. HP: 17/24 MP: 2/2
   690 | D:2      | Reached XP level 3. HP: 21/29 MP: 3/3
   856 | D:2      | Noticed Natasha
   862 | D:2      | Killed Natasha
   862 | D:2      | Reached skill level 5 in Unarmed Combat
   887 | D:2      | Noticed Natasha
   931 | D:2      | Killed Natasha
   931 | D:2      | Reached XP level 4. HP: 12/35 MP: 4/4
  1132 | D:2      | Found a sparkling altar of Nemelex Xobeh.
  1161 | D:2      | Noticed Natasha
  1165 | D:2      | Killed Natasha
  1323 | D:2      | Noticed Jessica
  1335 | D:2      | Killed Jessica
  1462 | D:3      | Gained mutation: You have a pair of small antennae on your head. [potion of mutation]
  1462 | D:3      | Gained mutation: Your spells are a little easier to cast, but a little less powerful. [potion of mutation]
  1462 | D:3      | Gained mutation: You passively map a small area around you. [potion of mutation]
  1464 | D:3      | HP: 1/35 [rat (2)]
  1920 | D:2      | Gained mutation: You have large cloven feet. [demonic ancestry]
  1920 | D:2      | Reached XP level 5. HP: 10/41 MP: 5/5
  2207 | D:3      | Reached skill level 6 in Unarmed Combat
  3066 | D:3      | HP: 2/41 [orc priest/nerve-wracking pain (4)]
  3067 | D:3      | Killed from afar by an orc priest

Vault maps used:
D:1:      tarquinn_simple_flora_water_d
D:2:      nemelex_spade_bored_becter, uniq_jessica, uniq_natasha

Action                   |  1- 3 |  4- 6 || total
-------------------------+-------+-------++-------
Melee: Unarmed           |    86 |   169 ||   255
  Use: Scroll            |     5 |       ||     5
       Potion            |     2 |     5 ||     7
 Stab: Sleeping          |     7 |     3 ||    10
       Distracted        |     1 |       ||     1
  Eat: Chunk             |       |     7 ||     7
